 Dungeon Crawl Stone Soup version 0.27-a0-29-g2d0a2396b0 (webtiles) character file.

Game seed: 2356313934571651014

60 Sonofthefire the Covert (level 4, -11/31 HPs)
             Began as an Octopode Delver on Jan 4, 2021.
             Mangled by a two-headed ogre
             ... wielding a +0 giant club
              (12 damage)
             ... on level 5 of the Dungeon.
             The game lasted 00:01:57 (826 turns).

Sonofthefire the Covert (Octopode Delver)            Turns: 826, Time: 00:01:58

Health: -11/31     AC:  8    Str: 11    XL:     4   Next: 4%
Magic:  4/4        EV: 13    Int: 12    God:
Gold:   35         SH:  0    Dex: 14    Spells: 3/3 levels left

rFire    . . .     SeeInvis .   i - +1 rapier (protect)
rCold    . . .     Faith    .   (no shield)
rNeg     . . .     Spirit   .   (helmet restricted)
rPois    .         Reflect  .   (no amulet)
rElec    .         Harm     .   (no ring)
rCorr    .         Rampage  .   (no ring)
Will     .....                  (no ring)
Stlth    +++++.....             (no ring)
HPRegen  0.10/turn              (no ring)
MPRegen  0.09/turn              (no ring)
                                (no ring)
                                (no ring)

@: protection aura
A: almost no armour, stealthy swim, amphibious, 8 rings, constrict 8, camouflage
1, gelatinous body 1
a: no special abilities


You were on level 5 of the Dungeon.
You visited 1 branch of the dungeon, and saw 3 of its levels.

You collected 35 gold pieces.

Inventory:

Hand Weapons
 i - a +1 rapier of protection (weapon)
Missiles
 f - 16 bolts
Wands
 e - a wand of digging (3)
Scrolls
 a - a scroll of fog
 b - a scroll of magic mapping
 c - a scroll of fear
 h - a scroll of remove curse {unknown}
 j - 3 scrolls of identify {unknown}
Potions
 d - a potion of haste
 g - a potion of lignification {unknown}


   Skills:
 + Level 3.3 Fighting
 + Level 2.2 Dodging
 + Level 8.1 Stealth
 - Level 2.0 Unarmed Combat


You had 3 spell levels left.
You didn't know any spells.
Your spell library was empty.

Dungeon Overview and Level Annotations

Branches:
Dungeon (6/15)
 Temple: D:4-7

Altars:
Hepliaklqana
Nemelex Xobeh
Sif Muna
Zin


Innate Abilities, Weirdness & Mutations

You cannot wear most types of armour.
You are very stealthy in the water. (Stealth+)
You are amphibious.
You can wear up to eight rings at the same time.
You can use your tentacles to constrict eight enemies at once.
Your skin changes colour to match your surroundings (Stealth+).
Your rubbery body absorbs attacks. (AC +1, EV +1)


Message History

A worm is nearby!
The helpless worm fails to defend itself.
You impale the worm!!
Your weapon exudes an aura of protection.
You kill the worm!
You have reached level 4!
A two-headed ogre comes into view. It is wielding two +0 giant clubs.
A two-headed ogre is nearby!
The helpless two-headed ogre fails to defend itself.
You impale the two-headed ogre!!
Your weapon exudes an aura of protection.
The two-headed ogre is heavily wounded.
The two-headed ogre hits you with a +0 giant club! x2
* * * LOW HITPOINT WARNING * * *
You puncture the two-headed ogre!
The two-headed ogre is severely wounded.
The two-headed ogre hits you with a +0 giant club.
* * * LOW HITPOINT WARNING * * *
The two-headed ogre hits you with a +0 giant club!
You die...

#.# #.#
.# #.#
#.# #.#
.. #.#
#.# #.#
..
#.###.#
#.##O.#
#.##@#
#.##.#
#.##.#
#.##.#
#.#..#
#...##
#####


You could see a two-headed ogre.

Vanquished Creatures
  2 worker ants (D:5)
  2 adder skeletons (D:5)
  A worm (D:5)
  A quokka (D:4)
6 creatures vanquished.

Notes
Turn   | Place    | Note
-------+----------+-------------------------------------------
     0 | D:5      | Sonofthefire the Octopode Delver began the quest for the
                  | Orb.
     0 | D:5      | Reached XP level 1. HP: 16/16 MP: 1/1
    14 | D:5      | Found a shimmering blue altar of Sif Muna.
    20 | D:5      | Noticed an orc wizard
    20 | D:5      | Noticed an orc wizard
    60 | D:5      | Noticed a worker ant
    70 | D:5      | Killed a worker ant
    71 | D:5      | Reached skill level 7 in Stealth
    71 | D:5      | Reached XP level 2. HP: 4/21 MP: 2/2
    71 | D:5      | Reached XP level 3. HP: 5/26 MP: 3/3
   375 | D:5      | Found a hazy altar of Hepliaklqana.
   472 | D:5      | Found a sparkling altar of Nemelex Xobeh.
   589 | D:4      | Found a glowing silver altar of Zin.
   604 | D:4      | You fall into a shaft and drop 2 floors!
   740 | D:5      | Reached skill level 8 in Stealth
   810 | D:5      | Reached XP level 4. HP: 31/31 MP: 4/4
   820 | D:5      | Noticed a two-headed ogre
   826 | D:5      | HP: 1/31 [two-headed ogre/+0 giant club (5)]
   826 | D:5      | Mangled by a two-headed ogre

Illustrated notes

Levels and vault maps discovered:
D:4:      layout_layer_cave, kennysheep_ying_yang, zin_academy,
          minmay_temple_entry_ruins, evilmike_ruin_ashenzari
D:5:      layout_rooms, kennysheep_mini, led_sif_book, kennysheep_little_box,
          pdpol_wu_jian_five_deadly_venoms, tso_oasis_becter,
          lemuel_crystal_altar, portal_sewer_entry_d, serial_bayou_pond_e
D:6:      lemuel_insect_pit, layout_basic

Skill      XL: |  1  2  3 |
---------------+----------+-----
Stealth        | 7 8 |  8.1
Fighting       | |  3.3
Dodging        | |  2.2
Unarmed Combat | |  2.0

Action                   |  1- 3 |  4- 6 || total
-------------------------+-------+-------++-------
Melee: Unarmed           |    18 |       ||    18
       Tentacles         |     4 |       ||     4
       Constrict         |     4 |       ||     4
       Punch             |     1 |       ||     1
       Rapier            |     5 |     2 ||     7
 Stab: Sleeping          |     3 |     1 ||     4
Dodge: Dodged            |    14 |       ||    14

Table legend: (Time is in decaauts)
 A = Elapsed time spent in this place.
 B = Non-inter-level travel time spent in this place.
 C = Inter-level travel time spent in this place.
 D = Time resting spent in this place.
 E = Time spent auto-exploring this place.
 F = Levels seen in this place.
 G = Mean time per level.
                   A        B        C        D        E       F      G
               +--------+--------+--------+--------+--------+-----+--------+
         Total |    825 |    789 |     36 |     82 |    487 |   3 |  275.0 |
       Dungeon |    825 |    789 |     36 |     82 |    487 |   3 |  275.0 |
               +--------+--------+--------+--------+--------+-----+--------+

Top non-repeatable levels by time:
     D:5: 663 daAuts
     D:4: 85 daAuts
     D:6: 76 daAuts
